AoeStats
← LittleChaosed

Arabia

509046276Analyzed
3v3 RM · 5d ago on Sep 25, 2026· 67m 45s· 6 players
Game mode
Random Map
Map size
Normal (6 player)
Population
200
Speed
Normal
Resources
Standard
Victory
Conquest
Starting age
Dark Age
Ending age
Imperial Age
RankedLock teamsTeams togetherTeam positionsShared explorationLock speedFull tech treeHidden civsTurbo modeCheats
Victory
Defeat
🇲🇽 Franks · Mexico
714
+19
🇲🇽 Maya · Mexico
713
+19
🇲🇽 Tatars · Mexico
678
+20
🇩🇪 Hindustanis · Germany
810
-21
🇲🇽 Aztecs · Mexico
765
-19
🇩🇪 Vietnamese · Germany
753
-18
Azteca Beleren
0:31 Loom
12:47 Feudal Age
14:59 Double-Bit Axe
15:44 Horse Collar
22:44 Gold Mining
22:46 Stone Mining
29:51 Forging
29:42 Scale Mail Armor
29:33 Fletching
31:31 Wheelbarrow
30:48 Arson
36:00 Castle Age
36:05 Pikeman
37:09 Squires
36:55 Gambesons
37:48 Iron Casting
39:07 Elite Skirmisher
41:00 Bodkin Arrow
42:29 Padded Archer Armor
44:01 Sanctity
43:53 Fervor
43:54 Redemption
46:11 Hand Cart
51:04 Man-at-Arms
Tunnes
0:44 Loom
11:13 Feudal Age
19:40 Castle Age
18:47 Horse Collar
18:57 Double-Bit Axe
19:32 Stone Mining
19:50 Pikeman
20:30 Squires
30:27 Fervor
32:29 Heavy Plow
34:59 Wheelbarrow
35:44 Bow Saw
35:52 Grand Trunk Road
41:30 Imperial Age
39:21 Hand Cart
38:52 Town Watch
40:44 Murder Holes
41:09 Ballistics
41:24 Town Patrol
42:07 Elite Ghulam
45:13 Hoardings
45:24 Caravan
48:02 Scale Barding Armor
47:58 Padded Archer Armor
47:48 Fletching
48:08 Forging
47:59 Scale Mail Armor
51:05 Husbandry
53:57 Shatagni
58:26 Siege Engineers
59:51 Chemistry
LittleChaosed
13:26 Feudal Age
11:43 Loom
13:48 Horse Collar
14:12 Double-Bit Axe
18:02 Town Watch
20:35 Wheelbarrow
20:22 Forging
20:02 Fletching
20:13 Padded Archer Armor
25:33 Castle Age
25:51 Crossbowman
26:37 Thumb Ring
27:20 Bow Saw
27:47 Scale Mail Armor
27:51 Squires
28:06 Heavy Plow
32:36 Iron Casting
31:56 Bodkin Arrow
33:42 Husbandry
33:43 Gold Mining
35:29 Hand Cart
36:39 Leather Archer Armor
43:11 Imperial Age
40:09 Pikeman
41:40 Ballistics
42:56 Bloodlines
43:29 Capped Ram
43:46 Arbalester
44:50 Cavalier
47:00 Chain Mail Armor
46:51 Scale Barding Armor
51:25 Chatras
53:36 Ring Archer Armor
54:05 Halberdier
56:27 Chemistry
55:22 Murder Holes
59:43 Plate Mail Armor
62:31 Bracer
64:34 Chain Barding Armor
GfJaiR
2:42 Loom
2:51 Loom
10:10 Feudal Age
11:30 Horse Collar
11:36 Double-Bit Axe
19:51 Padded Archer Armor
22:12 Castle Age
20:59 Fletching
24:43 Ballistics
25:08 Wheelbarrow
24:23 Town Watch
29:13 Murder Holes
30:13 Stone Mining
30:15 Gold Mining
29:56 Elite Skirmisher
38:10 Scale Barding Armor
38:21 Leather Archer Armor
42:40 Imperial Age
41:11 Chain Barding Armor
41:48 Fletching
42:09 Forging
43:29 Hand Cart
45:05 Conscription
47:46 Ring Archer Armor
50:39 Plate Barding Armor
49:59 Bodkin Arrow
54:46 Elite Keshik
57:39 Silk Armor
60:40 Bracer
61:18 Iron Casting
65:40 Blast Furnace
67:11 Husbandry
67:26 Bloodlines
crazy84aac
11:08 Feudal Age
9:24 Loom
15:32 Double-Bit Axe
16:46 Forging
17:22 Gold Mining
21:53 Castle Age
26:50 Bow Saw
29:07 Wheelbarrow
30:18 Stone Mining
31:09 Scale Barding Armor
31:42 Iron Casting
33:49 Gold Shaft Mining
34:18 Chain Barding Armor
38:09 Hand Cart
40:18 Ordonnance Companies
42:41 Scale Mail Armor
45:38 Imperial Age
46:34 Chain Mail Armor
46:55 Plate Barding Armor
47:21 Blast Furnace
48:49 Plate Mail Armor
47:43 Cavalier
50:34 Paladin
58:40 Conscription
57:42 Elite Throwing Axeman
60:29 Chemistry
62:44 Theocracy
AIOROS
0:28 Loom
9:57 Feudal Age
10:49 Double-Bit Axe
10:46 Horse Collar
18:12 Wheelbarrow
17:43 Fletching
23:02 Castle Age
22:08 Padded Archer Armor
23:08 Stone Mining
23:08 Gold Mining
23:59 Thumb Ring
25:02 Bodkin Arrow
26:43 Stone Shaft Mining
26:20 Bow Saw
26:39 Leather Archer Armor
26:23 Treadmill Crane
26:39 Murder Holes
27:30 Hand Cart
26:52 Crossbowman
29:47 Herbal Medicine
30:31 Town Watch
35:06 Imperial Age
33:35 Ballistics
36:16 Bracer
38:55 Ring Archer Armor
39:10 Forging
39:01 Scale Mail Armor
40:12 Chemistry
39:26 Fortified Wall
40:49 Iron Casting
42:31 Blast Furnace
41:46 Chain Mail Armor
41:55 Conscription
41:51 Masonry
42:21 Hoardings
43:10 Plate Mail Armor
42:04 Eagle Warrior
42:30 Arson
43:44 Squires
44:15 Elite Eagle Warrior
47:01 Holcans
48:39 Architecture
Connection lost

Rejoining the realm…

Still unreachable

The connection could not be restored.

Session expired

The server has moved on; the page needs a fresh start.